[Event "4th Tata Steel India Rapid Women 2022"]
[Site "Kolkota"]
[Date "2022.11.29"]
[Round "2.5"]
[White "Muzychuk, Anna"]
[Black "Muzychuk, Mariya"]
[Result "1/2-1/2"]
[ECO "C78"]
[WhiteElo "2525"]
[BlackElo "2528"]
[Annotator "TA"]
[PlyCount "52"]
[EventDate "2022.11.29"]
[EventType "tourn"]
[EventCountry "IND"]
[SourceTitle "playchess.com"]
[Source "ChessBase"]
[SourceQuality "1"]
[TimeControl "900+10"]

1. e4 e5 2. Nf3 Nc6 3. Bb5 a6 4. Ba4 Nf6 5. O-O Bc5 6. c3 b5 7. Bc2 {[%emt 0:02:18] Strongly threatening d4.} d5 {[%emt 0:00:03] C78: Ruy Lopez: Archangelsk and Möller Defences.} 8. d4 {[%emt 0:00:13] exd5 is the strong threat.} dxe4 9. Nbd2 exf3 {[%emt 0:02:32] The position is equal.} ({Don't do} 9... exd4 10. Nxe4 Be7 11. Nxf6+ (11. Nxd4 Nxd4 12. Qxd4 Qxd4 $11) (11. cxd4 O-O $14) 11... Bxf6 12. Re1+ Be6 13. Be4 $16) 10. Qxf3 Be7 {[%emt 0:00:03] And now ...Bd7 would win.} (10... exd4 $2 11. Qxc6+ Bd7 12. Qxc5 $18) (10... e4 $2 11. Nxe4 (11. Bxe4 Nxe4 12. Qxe4+ Be7 $16) 11... Bxd4 12. cxd4 $16) 11. Qxc6+ Bd7 12. Qf3 exd4 13. Ne4 O-O 14. Rd1 c5 15. Bg5 Re8 {[%emt 0:02:40] White must now prevent ...Nxe4.} 16. Bxf6 {[%emt 0:00:54][%mdl 64] [#] Deflection} Bxf6 17. Nxc5 Bc6 18. Qxc6 Rc8 {[%emt 0:00:01] [#]} 19. Qxa6 Rxc5 {[%emt 0:00:02] [#]} 20. Bb3 $146 ({Predecessor:} 20. g3 Qc8 21. Qxc8 Rexc8 22. Bb3 dxc3 23. bxc3 Rxc3 24. Rab1 R8c7 25. Rd5 b4 26. Rbd1 Rc1 27. Rxc1 Rxc1+ 28. Kg2 Rc7 29. Rb5 Be7 30. Rb8+ Bf8 31. f4 g6 {½-½ (31) Zhang,Z (2640)-Bu,X (2708) Hangzhou 2022}) 20... Qe7 (20... Rf5 {looks sharper.} 21. Qb7 Re7 22. Qc6 Re2) 21. g3 dxc3 22. bxc3 Bxc3 23. Rac1 g6 24. Qd6 Qxd6 25. Rxd6 Re7 {[%emt 0:00:01] Against Rd7} 26. Kg2 Kg7 {[%emt 0:00:17] A balanced but interesting game.   Weighted Error Value: White=0.04 (flawless) /Black=0.01 (flawless)} 1/2-1/2

[Event "4th Tata Steel India Rapid Women 2022"]
[Site "Kolkota"]
[Date "2022.11.29"]
[Round "3.1"]
[White "Vaishali, Rameshbabu"]
[Black "Vantika Agrawal"]
[Result "1-0"]
[ECO "D35"]
[WhiteElo "2454"]
[BlackElo "2362"]
[Annotator "TA"]
[PlyCount "81"]
[EventDate "2022.11.29"]
[EventType "tourn"]
[EventCountry "IND"]
[SourceTitle "playchess.com"]
[Source "ChessBase"]
[SourceQuality "1"]
[TimeControl "900+10"]

1. d4 Nf6 2. c4 e6 3. Nc3 d5 4. cxd5 Nxd5 5. e4 Nxc3 6. bxc3 c5 7. Rb1 Be7 {[%emt 0:00:11] D35: Queen's Gambit Declined: Exchange Variation.} 8. Nf3 O-O 9. h4 b6 {[%emt 0:01:17] The position is equal. is now debated instead of 9...cxd4.} 10. h5 h6 11. Rh3 Bb7 12. Bd3 {[%emt 0:00:32] [#]} (12. Rg3 $5 Kh8 13. Bd3 $11) 12... cxd4 $146 ({Predecessor:} 12... Nd7 13. Rg3 Kh8 14. Qd2 Rg8 15. Qf4 Nf6 16. Ne5 Qe8 17. Qf3 Rd8 18. Be3 Bd6 19. Bxh6 Bxe5 20. dxe5 Rxd3 21. Qxd3 Nxe4 {0-1 (29) Yakovich,Y (2526)-Moskalenko,A (2515) Chess.com INT 2020}) 13. cxd4 Nc6 (13... Nd7 $11) 14. Rg3 $1 $16 {[%emt 0:01:51] White leaves nothing to chance now.} Kh8 (14... Nxd4 $2 15. Bxh6 Bf6 16. Bxg7 $1 Bxg7 17. h6 Nxf3+ 18. Qxf3 $18 (18. gxf3 Qd4 $18)) 15. Qd2 Rg8 (15... Nxd4 $2 16. Nxd4 Bf6 17. Nf3 $18) 16. a3 Qd6 $2 (16... Nxd4 $2 17. Nxd4 Bf6 18. Nf3 $18) (16... Rc8 $16 {was necessary.}) 17. Bb2 $1 $18 {[%emt 0:02:44][%cal Od4d5] aiming for d5!} e5 18. dxe5 ({Stronger than} 18. Nxe5 Nxe5 19. dxe5 Qe6 $14) 18... Qe6 19. Qe2 Bc5 20. Bc4 Qe7 21. Qd2 $40 {[%emt 0:02:10][%mdl 128] White goes for the king.} (21. e6 $1 $18 {[%cal Re6f7] and the rest is easy.} fxe6 22. Bxe6 $1 Bxa3 23. Bxg8 Bxb2 24. Qxb2 Rxg8 25. Kf1) 21... Rad8 $2 (21... Kh7 $16) 22. Bd5 {[%emt 0:00:06][%cal Oe5e6] Strongly threatening e6!} Kh7 {[%emt 0:00:11] Prevents e6.} 23. Qf4 Rdf8 24. Rd1 Nd8 25. Nh4 $2 (25. Bxb7 Ne6 26. Qf5+ g6 27. hxg6+ fxg6 28. Qh3 Qxb7 29. Qxe6 Qxe4+ 30. Kf1) 25... Ne6 26. Qg4 {[%emt 0:00:05] White is more active.} Ng5 $2 (26... Bc8 $16) 27. Nf5 Qc7 {[%emt 0:00:09] [#]} (27... Qd7 {was called for.} 28. Nxh6 Qxg4 29. Nxg4 Bc8) 28. Nxh6 $1 gxh6 29. Qf5+ Rg6 30. Bxb7 {[%emt 0:00:17] Threatens to win with Rxg5.} Qxb7 31. hxg6+ (31. Rxg5 $142 Bxf2+ 32. Kxf2 hxg5 33. hxg6+ Kg8 34. g7 Qc8 35. gxf8=Q+ Qxf8 36. Qxg5+ Qg7 37. Rd8+ Kh7 38. Qh5+ Qh6 {[#]} 39. Rh8+ $3 Kxh8 40. e6+ f6 41. Qxh6+ Kg8 42. Qg6+ Kh8 43. Bxf6#) 31... Kg8 32. gxf7+ (32. Rxg5 $142 hxg5 33. Rd7 Qxd7 34. Qxd7 Kg7 35. e6+ Kxg6 36. e7 f6 37. Qf5+ Kh6 38. exf8=R) 32... Rxf7 33. Qg6+ Kf8 34. Qxh6+ {[%emt 0:00:04] White mates.} Ke8 35. f3 (35. Rxg5 {gets mated.} Qxe4+ 36. Kf1 Rxf2+ 37. Kg1 Rxg2+ 38. Kh1 Rxg5+ 39. Kh2 Qg2#) 35... Bf2+ 36. Kxf2 Nxe4+ 37. Kg1 Nxg3 38. Qe6+ Kf8 39. Rd8+ Kg7 40. Qg4+ Kh6 41. Rh8+ {[%emt 0:00:05] Weighted Error Value: White=0.21 (precise) /Black=0.94} 1-0

[Event "4th Tata Steel India Rapid Women 2022"]
[Site "Kolkota"]
[Date "2022.11.29"]
[Round "3.2"]
[White "Savitha Shri B"]
[Black "Muzychuk, Anna"]
[Result "1/2-1/2"]
[ECO "C82"]
[WhiteElo "2411"]
[BlackElo "2525"]
[Annotator "TA"]
[PlyCount "90"]
[EventDate "2022.11.29"]
[EventType "tourn"]
[EventCountry "IND"]
[SourceTitle "playchess.com"]
[Source "ChessBase"]
[SourceQuality "1"]
[TimeControl "900+10"]

1. e4 e5 2. Nf3 Nc6 3. Bb5 a6 4. Ba4 Nf6 5. O-O Nxe4 6. d4 b5 7. Bb3 d5 8. dxe5 Be6 9. c3 Bc5 10. Nbd2 O-O 11. Bc2 Bf5 12. Nb3 Bg6 13. Nfd4 {[%emt 0:02:35] C82: Open Ruy Lopez: 9 c3 without 9...Be7.} Bxd4 14. cxd4 {[%emt 0:00:02] [#] Strongly threatening f3.} a5 $1 15. a4 {[%emt 0:02:38] aiming for f3. White is slightly better.} bxa4 (15... Nb4 $5 ) 16. Rxa4 Nb4 $1 17. Bxe4 ({Weaker is} 17. Nxa5 Nxc2 18. Nc6 (18. Qxc2 $2 {loses.} Ng3 $17) 18... Qd7 19. Qxc2 {[#]} Nd2 $1 20. Qxd2 Rxa4 $19) 17... dxe4 18. Nc5 {[%emt 0:01:07] Against e3} e3 19. Bxe3 {[%emt 0:00:25] [#] Threatens to win with Qg4.} Bc2 $146 ({Predecessor:} 19... Qd5 20. Qg4 Rfd8 21. f4 Nd3 22. f5 Nxc5 23. dxc5 h5 24. Qg5 Qb3 25. Rh4 Bxf5 26. Rxf5 {1-0 (34) Maas,T (2083)-Timmermans,I (2176) Belgium 2016}) 20. Qg4 Bxa4 21. Bh6 g6 {[%emt 0:00:04] ...Bb5 is the strong threat.} 22. Nxa4 ({Much weaker is} 22. Bxf8 Bb5 23. Bh6 Bxf1 24. Kxf1 f5 $17) 22... f5 23. Qe2 Qxd4 {[%emt 0:00:58] And now ...Rfe8 would win.} 24. Bxf8 Rxf8 25. Rd1 Qe4 26. Qxe4 (26. Qb5 {seems wilder.} c6 27. Qxa5 Nd3 28. Nc5) 26... fxe4 $11 {[%emt 0:00:01][%mdl 4096] Endgame KRN-KRN} 27. Nc5 {[%emt 0:00:05] Prevents Nd3.} Re8 {[%emt 0:01:12] The position is equal.} (27... Rf5 {simplifies} 28. Nxe4 Rxe5 29. f3 Kf7) 28. e6 (28. Nxe4 {simplifies} Rxe5 29. f3 Kf7 30. Rd7+) 28... Nd3 $1 {[%emt 0:00:24] Against b3} 29. Nxe4 {[%emt 0:00:48] Black must now prevent Nf6+.} Rxe6 30. Rxd3 Rxe4 {[%emt 0:00:02][%cal Re4e1] KR-KR} 31. f3 Re2 32. Rd8+ Kf7 33. Rd7+ Re7 34. Rd5 Re1+ 35. Kf2 Rb1 36. Rd7+ Kf6 37. Rxc7 Rxb2+ 38. Kg3 h5 39. h4 a4 40. Ra7 Ra2 41. Ra6+ Kg7 42. Kf4 Rxg2 43. Rxa4 Kh6 44. Ra6 Rg1 45. Rb6 Rg2 {[%emt 0:00:04] Weighted Error Value: White=0.03 (flawless) /Black=0.03 (flawless)} 1/2-1/2

[Event "4th Tata Steel India Rapid Women 2022"]
[Site "Kolkota"]
[Date "2022.11.29"]
[Round "3.3"]
[White "Muzychuk, Mariya"]
[Black "Koneru, Humpy"]
[Result "1/2-1/2"]
[ECO "C42"]
[WhiteElo "2528"]
[BlackElo "2574"]
[Annotator "TA"]
[PlyCount "70"]
[EventDate "2022.11.29"]
[EventType "tourn"]
[EventCountry "IND"]
[SourceTitle "playchess.com"]
[Source "ChessBase"]
[SourceQuality "1"]
[TimeControl "900+10"]

1. e4 e5 2. Nf3 Nf6 3. Nxe5 d6 4. Nf3 Nxe4 5. d4 d5 6. Bd3 Bd6 7. O-O O-O 8. c4 c6 9. Nc3 Nxc3 10. bxc3 dxc4 11. Bxc4 Bf5 12. Bg5 $1 {[%emt 0:00:25] 12.Bg5 is better than 12.Re1. C42: Petroff Defence: 3 Nxe5 and unusual White 3rd moves.} Qa5 13. Nh4 Be6 14. Bxe6 {[%emt 0:00:04] [#] Strongly threatening Bf5. White has an edge.} Qxg5 15. Nf3 (15. Qg4 {simplifies} Qxg4 16. Bxg4 g6 17. Rfb1) 15... Qa5 16. Bb3 Nd7 17. Qd3 Rae8 18. Rfe1 g6 19. h4 (19. Rab1 {simplifies} Nf6 20. g3 Kg7 21. c4) 19... Kg7 20. Ng5 Rxe1+ 21. Rxe1 Nf6 {[%emt 0:00:48] [#]} 22. g3 $146 ({Predecessor:} 22. Qf3 Qf5 23. Qxf5 gxf5 24. Bc2 f4 25. c4 c5 26. d5 h6 27. Nf3 Re8 28. Kf1 Rxe1+ 29. Kxe1 Nd7 30. Ke2 Kf6 31. Nd2 Ke5 32. Kd3 f5 33. Nf3+ {½-½ (33) Moussard,J (2630)-Bjerre,J (2601) Terme Catez 2022}) 22... h6 23. Nf3 Rd8 24. Kg2 Qc7 25. Qc4 b5 26. Qd3 a6 27. a4 Nh5 28. Nd2 Nf6 29. Re3 Qb7 30. Kg1 (30. Rf3 {with more complications.} c5 31. dxc5 Be7 32. Qe3) 30... c5 {[%emt 0:00:21] Threatens to win with ...c4.} 31. axb5 axb5 {[%emt 0:00:02] Hoping for ...c4.} 32. dxc5 (32. Qb1 $11) 32... Be7 $17 33. Qe2 Bxc5 34. Re5 {[%emt 0:00:16] [#]} (34. Rd3 $17 Re8 35. Qd1) 34... Qb6 $2 (34... Qc7 $1 $19 {[%cal Of6g4] And now ...Ng4! would win.} 35. Nf1 h5) 35. Ne4 $1 $11 Nxe4 {[%emt 0:00:10] Weighted Error Value: White=0.10 (very precise) /Black=0.12 (very precise)} 1/2-1/2

[Event "4th Tata Steel India Rapid Women 2022"]
[Site "Kolkota"]
[Date "2022.11.29"]
[Round "3.4"]
[White "Kiolbasa, Oliwia"]
[Black "Dzagnidze, Nana"]
[Result "0-1"]
[ECO "B48"]
[WhiteElo "2406"]
[BlackElo "2517"]
[Annotator "TA"]
[PlyCount "170"]
[EventDate "2022.11.29"]
[EventType "tourn"]
[EventCountry "IND"]
[SourceTitle "playchess.com"]
[Source "ChessBase"]
[SourceQuality "1"]
[TimeControl "900+10"]

1. e4 c5 2. Nf3 e6 3. d4 cxd4 4. Nxd4 Nc6 5. Nc3 Qc7 6. Be3 a6 7. a3 b5 8. Nxc6 dxc6 {[%emt 0:00:52] B48: Sicilian: Taimanov: 5 Nc3 Qc7 6 Be3 a6 without Be2.} 9. Qg4 Nf6 10. Qg3 Qxg3 {[%emt 0:00:15] White has an edge.} 11. hxg3 e5 12. f3 Be6 {[%emt 0:01:14] [#]} 13. Kf2 $146 (13. a4 $5 ) ({Predecessor:} 13. g4 Nd7 14. a4 Rc8 15. axb5 axb5 16. Be2 Bc5 17. Kf2 O-O 18. g5 Ra8 19. Rhd1 {1-0 (26) Csonka,B (2498)-Grischuk,A (2777) Chess.com INT 2021}) 13... Be7 14. g4 Nd7 15. Be2 f6 16. g3 h6 17. a4 O-O 18. f4 Nc5 {[%emt 0:01:52] White should prevent ...b4.} 19. b4 Nb7 20. Rab1 Rfd8 21. Rhd1 Rxd1 22. Bxd1 Kf8 23. Be2 Rc8 24. Kf3 Bf7 25. Kf2 Be8 26. Bd3 Nd8 27. axb5 axb5 28. Ne2 Ra8 29. c4 Ra3 30. Nc1 bxc4 31. Bxc4 Nb7 32. Be2 Nd6 33. Bd3 Bg6 {[%emt 0:00:00] Black is more active.} 34. f5 Bf7 $36 {[%emt 0:00:00][%mdl 2048] Black is in control.} 35. Bc5 Nb5 36. Rb2 $1 Bxc5+ 37. bxc5 Rc3 38. Rc2 Ke7 39. Rxc3 Nxc3 $11 {[%emt 0:00:01][%mdl 4096] Endgame KBN-KBN} 40. Ne2 $2 (40. Bc2 $1 $11 {and White has nothing to worry.}) 40... Na4 $19 41. Ke3 Nxc5 42. Bc2 Kd6 43. Nc3 Nd7 44. Na4 Bc4 45. Bd1 c5 (45... Bb5 $142 {Hoping for ...Bxa4.} 46. Nc3 Kc5) 46. Kd2 Kc6 47. Kc3 Bb5 48. Nb2 $2 (48. Bb3 {was worth a try.}) 48... Nb6 49. Bf3 Bf1 50. Bd1 Kb5 51. Bc2 (51. Bf3 $142) 51... c4 52. Bd1 $2 (52. Nd1 {nothing else works.}) 52... Kc5 53. Bf3 Bh3 (53... Nc8 $142 54. Na4+ Kb5) 54. Be2 Bg2 55. Bxc4 (55. Nxc4 $142 Nxc4 56. Bxc4) 55... Bxe4 56. Be2 (56. Bb3 $142 Nd5+ 57. Kd2) 56... Nd5+ 57. Kd2 Kd4 58. Nc4 Nc3 59. Nd6 Bc6 {[%emt 0:00:14] ...Ne4+ is the strong threat.} 60. Nf7 e4 61. Nd8 e3+ 62. Ke1 Bd5 63. Ne6+ Bxe6 $2 (63... Ke4 $19 {is more deadly. aiming for ...Nxe2.} 64. Nc5+ Ke5 65. Nd3+ Kd4) 64. fxe6 {[%emt 0:00:01] And now e7 would win. KB-KN} Nd5 {[%emt 0:00:02] Against e7} 65. Bb5 Ke5 66. Bd7 Kd6 {[%emt 0:00:07] White must now prevent ...Nc3.} 67. Ke2 Nb6 68. Bb5 {[%emt 0:00:03] Inhibits Nc4.} Kxe6 69. Kxe3 Ke5 70. Kf3 Nd5 71. Bc6 Kd4 72. Bd7 Ne7 73. Kf4 $2 (73. Ke2 $17) 73... Kd3 $2 (73... Ng6+ $1 $19 {and Black stays clearly on top.} 74. Kf5 Ne5) 74. Bb5+ $2 {[%emt 0:00:14][%mdl 8192] [#]} (74. Kf3 $17) 74... Kd2 $1 75. Kf3 {[%emt 0:00:16] [#]} Ke1 $2 (75... Ng6 $1 $19 {has better winning chances.} 76. Ke4 Ne5) 76. Bc4 Ng6 {[%emt 0:00:07] ( -> ...Ne5+)} 77. Bd5 $2 (77. Kg2 $17) 77... Ne5+ 78. Kf4 Kf2 79. Be4 Nc4 (79... g5+ $142 80. Kf5 Kxg3 81. Kxf6 Nxg4+ 82. Kf5 Kh4 83. Bc6 Nf2 84. Bg2 h5 85. Ba8 g4 86. Kf4 Nh3+ 87. Ke3 Kg3 88. Ke4 Nf2+ 89. Kf5 h4 90. Bc6 h3 91. Ke5 h2 92. Bd5 h1=Q 93. Bxh1 Nxh1 94. Ke6 Kh3 95. Kf6 g3 96. Kf7 g2 97. Ke7 g1=Q 98. Kd6 Qd4+ 99. Kc7 Qd5 100. Kb6 Nf2 101. Kc7 Qe6 102. Kb8 Qc6 103. Ka7 Ne4 104. Kb8 Nc5 105. Ka7 Qb7#) 80. Bd5 Nd6 {[%emt 0:00:04][%csl Gf6,Gh6][%cal Rg7g5] Black mates.} 81. g5 hxg5+ 82. Kg4 Nb5 83. Kf5 Kxg3 84. Kg6 Kf4 85. Kxg7 f5 {[%emt 0:00:08] Weighted Error Value: White=0.36/Black=0.22 (precise)} 0-1

[Event "4th Tata Steel India Rapid Women 2022"]
[Site "Kolkota"]
[Date "2022.11.29"]
[Round "3.5"]
[White "Ushenina, Anna"]
[Black "Harika, Dronavalli"]
[Result "1/2-1/2"]
[ECO "D02"]
[WhiteElo "2454"]
[BlackElo "2507"]
[Annotator "TA"]
[PlyCount "93"]
[EventDate "2022.11.29"]
[EventType "tourn"]
[EventCountry "IND"]
[SourceTitle "playchess.com"]
[Source "ChessBase"]
[SourceQuality "1"]
[TimeControl "900+10"]

1. Nf3 d5 2. g3 Nf6 3. Bg2 c5 4. O-O Nc6 5. d4 cxd4 6. Nxd4 e5 7. Nxc6 bxc6 8. c4 Be6 9. Nc3 Be7 10. Bg5 e4 {[%emt 0:00:22] D02: 1 d4 d5 2 Nf3 sidelines, including 2...Nf6 3 g3 and 2...Nf6 3 Bf4.} 11. Qa4 O-O 12. Rad1 (12. Qxc6 Rc8 13. Qb7 Rxc4 $11) 12... Qb6 ({Better is} 12... Qe8 $14) 13. cxd5 cxd5 14. Bxf6 Bxf6 15. Nxd5 Bxd5 16. Rxd5 Qxb2 17. e3 (17. Qxe4 $6 Rae8 18. Qf4 Rxe2 $11) ({Don't play} 17. Bxe4 Qxe2 18. Bd3 Qe8 $16) 17... Rab8 18. Bxe4 {[%emt 0:00:59] aiming for Rb1.} Rb4 19. Qc2 {[%emt 0:00:02] [#]} (19. Qxa7 $2 {perishes.} Rxe4 20. Ra5 Rc4 $19) 19... g6 $146 ({Predecessor:} 19... Qxc2 20. Bxc2 Rc8 21. Bb3 Rc7 22. Rfd1 Kf8 23. Kg2 g6 24. f4 h5 25. Kf3 Be7 {1-0 (56) Bocharov,D (2516)-Skvortsov,A (2166) Sochi 2022}) 20. Ra5 Qxc2 21. Bxc2 Rc8 22. Bb3 Rc7 23. Rd1 Kg7 24. Kg2 h5 25. h4 Rb6 26. Rad5 Rbb7 27. e4 Re7 28. f3 Rbc7 29. R1d2 a5 30. Re2 ({Of course not} 30. Rxa5 $6 Bc3 31. Rad5 Bxd2 32. Rxd2 Red7 33. Rxd7 Rxd7 $11) 30... Bc3 31. Rc2 Bb4 32. Rxc7 Rxc7 $16 {[%emt 0:00:01][%mdl 4096] Endgame KRB-KRB} 33. e5 Ra7 34. Rb5 Bc3 35. a4 Re7 {[%emt 0:00:27] White is slightly better.} 36. f4 Bb4 37. Kf3 {[%emt 0:00:12] White is more active.} Rc7 {[%emt 0:00:00] [#] Hoping for ...Rc3+.} 38. Bd5 Be1 39. Rb7 Rxb7 40. Bxb7 $14 {[%emt 0:00:01] KB-KB} Bc3 41. Bd5 Kf8 42. Ke2 Ke7 43. Bf3 Bd4 44. g4 hxg4 45. Bxg4 f6 46. exf6+ Kxf6 47. Kf3 {[%emt 0:00:10] Weighted Error Value: White=0.05 (flawless) /Black=0.05 (flawless)} 1/2-1/2

[Event "4th Tata Steel India Rapid Women 2022"]
[Site "Kolkota"]
[Date "2022.11.30"]
[Round "4.1"]
[White "Dzagnidze, Nana"]
[Black "Ushenina, Anna"]
[Result "1/2-1/2"]
[ECO "A13"]
[WhiteElo "2517"]
[BlackElo "2454"]
[Annotator "TA"]
[PlyCount "64"]
[EventDate "2022.11.29"]
[EventType "tourn"]
[EventCountry "IND"]
[SourceTitle "playchess.com"]
[Source "ChessBase"]
[SourceQuality "1"]
[TimeControl "900+10"]

1. c4 {[%emt 0:00:04] ChessBase II} e6 2. Nf3 d5 3. e3 Nf6 4. b3 c5 5. Bb2 Nc6 6. cxd5 exd5 7. Bb5 Bd6 8. O-O O-O {[%emt 0:00:19] A13: English Opening: 1...e6.} 9. d4 cxd4 10. Nxd4 Bc7 11. Bxc6 bxc6 {[%emt 0:03:48] [#]} ({Resist} 11... Qd6 12. g3 bxc6 13. Qc2 $14) 12. Nd2 $146 ({Predecessor:} 12. Qc2 c5 13. Nf3 Bd6 14. Nbd2 Bg4 15. h3 Bh5 16. Nh4 Nd7 17. Nf5 Bg6 18. Nf3 {½-½ (32) Malakhov,V (2691)-Bluebaum,M (2633) Brest 2018 EXT 2019 [ChessBase II]}) 12... c5 (12... Qd6 {seems wilder.} 13. N2f3 Bd7 14. Rc1 Rac8) 13. N4f3 Ba6 {[%emt 0:00:34] This pair of bishops is nice.} 14. Re1 Re8 15. Rc1 Rc8 16. Bxf6 Qxf6 17. e4 Red8 18. Qc2 Bf4 19. Rcd1 Bb7 (19... d4 {keeps more tension.} 20. e5 d3 21. Qc3 Qg6) 20. exd5 Bxd5 21. Re2 h6 22. Rde1 Qc6 23. Qf5 Bb8 24. Nc4 Qg6 25. Qxg6 fxg6 26. Nfe5 Kh7 {[%emt 0:00:10] The position is equal.} 27. f3 Bxe5 28. Nxe5 c4 29. bxc4 Bxc4 30. Nxc4 Rxc4 31. Rb2 Rd7 32. Kf2 Ra4 {[%emt 0:00:32] An interesting draw.   Weighted Error Value: White=0.07 (flawless) /Black=0.07 (flawless)} 1/2-1/2

[Event "4th Tata Steel India Rapid Women 2022"]
[Site "Kolkota"]
[Date "2022.11.30"]
[Round "4.2"]
[White "Vantika Agrawal"]
[Black "Kiolbasa, Oliwia"]
[Result "0-1"]
[ECO "E05"]
[WhiteElo "2362"]
[BlackElo "2406"]
[Annotator "TA"]
[PlyCount "67"]
[EventDate "2022.11.29"]
[EventType "tourn"]
[EventCountry "IND"]
[SourceTitle "playchess.com"]
[Source "ChessBase"]
[SourceQuality "1"]
[TimeControl "900+10"]

1. d4 d5 2. c4 e6 3. Nf3 Nf6 4. g3 Be7 5. Bg2 O-O 6. O-O dxc4 7. Qc2 b5 8. a4 {[%emt 0:00:05] E05: Open Catalan: 5 Nf3 Be7.} b4 9. Nfd2 Nd5 10. Nxc4 {[%emt 0:00:08] White is slightly better.} c5 11. dxc5 Bxc5 12. e4 Nb6 13. Rd1 (13. Ncd2 $5 Qc7 14. Nb3 $14) 13... N8d7 14. Be3 {[%emt 0:03:35] [#] Bxc5 is the strong threat.} Qe7 {[%emt 0:06:39] [#] aiming for ...Nxc4.} 15. Nxb6 $146 ({Predecessor:} 15. Nbd2 Ba6 16. Nxb6 axb6 17. Bxc5 Nxc5 18. Nc4 Qc7 19. Nd6 e5 20. f4 Rad8 21. fxe5 {½-½ (73) Andreikin,D (2724)-Hakobyan,A (2601) Chess.com INT 2022}) 15... axb6 16. Bxc5 Nxc5 17. e5 Bb7 18. Bxb7 Qxb7 19. Nd2 h6 20. Nc4 b3 21. Qc3 Ne4 22. Qf3 f5 $1 23. h4 b5 24. Qxb3 (24. axb5 Rxa1 25. Rxa1 Qxb5 $17) 24... Qa7 25. Ne3 (25. Qxb5 $2 {is a self mate.} Qxf2+ 26. Kh1 Nxg3#) 25... bxa4 (25... Qf7 $11 {remains equal.}) 26. Qxe6+ $16 Kh8 27. Rd7 (27. Nxf5 $2 {loses.} Qxf2+ 28. Kh1 Qf3+ 29. Kh2 Qe2+ 30. Kg1 Qf2+ 31. Kh1 Rxf5 $19) 27... Qa6 {[%emt 0:00:12] [#]} (27... Qc5 $16) 28. Qxa6 $1 $18 ({Weaker is} 28. Qe7 Rg8 $16) 28... Rxa6 29. Rd4 {[%emt 0:00:13] Prevents f4.} Nc5 30. Rc4 Nd3 31. Rcxa4 Rxa4 32. Rxa4 {[%emt 0:00:02] Hoping for f4.} Nxe5 33. Ra5 Nd3 34. Nxf5 {[%emt 0:00:15][%mdl 32768] Weighted Error Value: White=0.05 (flawless) /Black=0.20 (precise) . Loss on time!?} 0-1

[Event "4th Tata Steel India Rapid Women 2022"]
[Site "Kolkota"]
[Date "2022.11.30"]
[Round "4.3"]
[White "Muzychuk, Anna"]
[Black "Vaishali, Rameshbabu"]
[Result "0-1"]
[ECO "C70"]
[WhiteElo "2525"]
[BlackElo "2454"]
[Annotator "TA"]
[PlyCount "150"]
[EventDate "2022.11.29"]
[EventType "tourn"]
[EventCountry "IND"]
[SourceTitle "playchess.com"]
[Source "ChessBase"]
[SourceQuality "1"]
[TimeControl "900+10"]

1. e4 e5 2. Nf3 Nc6 3. Bb5 a6 4. Ba4 Bc5 5. c3 Nge7 6. d4 {[%emt 0:00:21] C70: Ruy Lopez: 3...a6 4 Ba4, Norwegian and Delayed Schliemann.} exd4 7. cxd4 Bb4+ 8. Bd2 {[%emt 0:00:11] White is slightly better.} Bxd2+ 9. Qxd2 d5 10. exd5 Qxd5 11. Nc3 Qe6+ 12. Qe3 O-O 13. O-O {[%emt 0:00:05] [#]} b5 $146 ({Predecessor:} 13... Qd6 14. Bxc6 Nxc6 15. d5 Ne7 16. Rad1 Bg4 17. h3 Bh5 18. g4 Bg6 19. Rfe1 Rae8 {½-½ (60) Sadhwani,R (2619)-Erigaisi,A (2681) chess24.com INT 2022}) 14. Bb3 Qxe3 15. fxe3 Na5 $1 16. Nd2 Bb7 {[%emt 0:01:08] Inhibits Nd5.} 17. Rac1 Rac8 18. Bd1 c5 {[%emt 0:01:58] Inhibits b4.} 19. dxc5 $1 Rxc5 (19... Rfd8 $1 $14 20. Nce4 Nd5) 20. b4 $16 Rg5 21. Bf3 (21. bxa5 $2 {is the wrong capture.} Rxg2+ 22. Kh1 Rxd2+ 23. e4 Nc6 $19) (21. Nce4 $16 Bxe4 22. Nxe4 (22. bxa5 $2 {too greedy.} Rxg2+ 23. Kh1 Rxd2+ $19)) 21... Nac6 $1 $11 22. a3 Rg6 23. Nb3 Bc8 24. Nd5 Nxd5 25. Bxd5 Ne5 26. Rc7 Be6 27. Bxe6 Rxe6 28. Nc5 Rd6 29. Re7 f6 30. Ne6 $2 {[%emt 0:00:14] [#] White is on the road to losing.} (30. Ra7 $11) 30... Nc6 $1 $19 31. Rxg7+ Kh8 32. Rd7 $2 (32. Rb7 Rxe6 33. Rb6) 32... Rxe6 ({Stronger than} 32... Rxd7 33. Nxf8 Rd6 34. Rc1 $11) 33. Rc1 Ne5 34. Ra7 Rf7 35. Ra8+ Kg7 36. Rcc8 Nc4 37. Rg8+ Kh6 38. e4 Rg7 39. Rge8 Rd6 {[%emt 0:00:08] [#] ( -> ...Rd1+)} 40. Rad8 Rgd7 41. Rxd7 Rxd7 {[%emt 0:00:01][%mdl 4096] Endgame KRN-KR} 42. Kf2 Rd6 43. Kf3 Nxa3 44. Kf4 Nc4 45. g4 Kg6 46. h4 Ne5 {[%emt 0:00:12] And now ...Rd3 would win.} 47. h5+ Kg7 48. Re7+ Nf7 49. Kf5 h6 50. Ra7 Rc6 51. Rb7 Rd6 52. Ra7 Rb6 53. Rc7 Rd6 54. Ra7 Rc6 55. Rb7 $1 Rc4 56. Ra7 Rxb4 57. Rxa6 Rb1 58. Ra7 Rc1 59. Rb7 Rc6 60. Kf4 Rc5 61. Rb6 Re5 62. Rb7 Re6 63. Kf5 Re5+ 64. Kf4 Rc5 {[%emt 0:00:02] Hoping for ...Kf8.} 65. Rb6 Rg5 {[%emt 0:00:07] Strongly threatening ...Ne5. Black is clearly winning.} 66. Rb7 Kf8 67. Rb8+ Ke7 {[%emt 0:00:01] ...Nd6 is the strong threat.} 68. Rb7+ Ke6 69. Rb8 Ne5 70. Rb6+ Ke7 71. Rb7+ Nd7 {[%emt 0:00:07] aiming for ...Kd6.} 72. Ra7 Rg8 {[%emt 0:00:11] White must now prevent ...b4.} 73. Kf5 b4 74. Ra6 Rg5+ 75. Kf4 Rb5 {[%emt 0:00:02] Weighted Error Value: White=0.32/Black=0.07 (flawless)} 0-1